 Dungeon Crawl Stone Soup version 0.27-a0-553-ge0ab5a2769 (webtiles) character file.

Game seed: 17689532201056828724

515 Garpagan the Chopper (level 7, -4/91 HPs)
             Began as a Hill Orc Fighter on Mar 8, 2021.
             Was a Follower of Okawaru.
             Slain by a worker ant (5 damage)
             ... on level 4 of the Dungeon.
             The game lasted 00:32:21 (3143 turns).

Garpagan the Chopper (Hill Orc Fighter)             Turns: 3143, Time: 00:32:21

Health: -4/91      AC: 23    Str: 21    XL:     7   Next: 20%
Magic:  7/7        EV:  2    Int:  8    God:    Okawaru [*.....]
Gold:   108        SH:  9    Dex: 10    Spells: 6/6 levels left

rFire    . . .     SeeInvis .   a - +1 war axe
rCold    . . .     Faith    .   c - +0 kite shield
rNeg     + + +     Spirit   .   (armour currently unavailable)
rPois    +         Reflect  .   (helmet currently unavailable)
rElec    .         Harm     .   (cloak currently unavailable)
rCorr    .         Rampage  .   (gloves currently unavailable)
Will     +....     NoTele   +   (boots currently unavailable)
Stlth    +.........             (no amulet)
HPRegen  0.25/turn              b - ring of willpower
MPRegen  0.10/turn              (no ring)

@: mighty, lethally poisoned (-4 -> -9), tree-form, attractive, hasted, very
quick
A: no striking features
a: Renounce Religion, Convert to Beogh, Heroism


You were on level 4 of the Dungeon.
You worshipped Okawaru.
Okawaru was aware of your devotion.
You were a tree.
You visited 1 branch of the dungeon, and saw 4 of its levels.

You collected 108 gold pieces.

Inventory:

Hand Weapons
 a - a +1 war axe (weapon)
Armour
 c - a +0 kite shield (worn)
 m - a +0 chain mail (melded)
 n - a scarf of resistance (melded)
Jewellery
 b - a ring of willpower (left branch)
Scrolls
 k - a scroll of random uselessness {unknown}
 l - 4 scrolls of identify {unknown}
Potions
 e - 2 potions of haste
 f - a potion of lignification
 j - 2 potions of attraction


   Skills:
 * Level 5.4 Fighting
 * Level 7.4 Axes
 + Level 4.3 Armour
 + Level 0.4 Dodging
 + Level 4.2 Shields


You had 6 spell levels left.
You didn't know any spells.
Your spell library contained the following spells:

 Spells                   Type           Power      Damage    Failure   Level
 Animate Skeleton         Necr           0%         N/A       86%         1
 Pain                     Necr           0%         1d4       86%         1
 Vampiric Draining        Necr           0%         2d6       99%         3
 Animate Dead             Necr           0%         N/A       100%        4
 Agony                    Necr           0%         N/A       100%        5


Dungeon Overview and Level Annotations

Branches:
Dungeon (4/15)
 Temple: D:4-7

Altars:
Dithmenos
Kikubaaqudgha
Okawaru


Message History

The orc hits you with a +0 short sword.
* * * LOW HITPOINT WARNING * * *
It was a potion of haste.
You feel yourself speed up. You block the worker ant's attack.
The orc hits you but does no damage.
It was a potion of lignification.
You turn into a tree.
Your scarf of resistance melds into your body.
Your +0 chain mail melds into your body.
You feel hot and cold all over.
Your roots penetrate the ground.
You feel sick.
The worker ant bites you but does no damage.
You block the orc's attack.
It was a potion of attraction.
You feel attractive to monsters. The worker ant bites you.
* * * LOW HITPOINT WARNING * * *
You are lethally poisoned!
The worker ant poisons you! The orc is pulled toward you!
It was a potion of magic.
Magic courses through your body.
* * * LOW HITPOINT WARNING * * *
You feel sick.
The worker ant bites you but does no damage.
The orc is pulled toward you!
As you read the scroll labelled SEMITOEXUI, it crumbles to dust.
You feel a strange sense of stasis.
It was a scroll of teleportation.
The orc is pulled toward you! x2
As you read the scroll labelled IPPAJA BIVVE, it crumbles to dust.
It is a scroll of amnesia.
You feel forgetful for a moment.
* * * LOW HITPOINT WARNING * * *
You feel sick. The worker ant completely misses you.
As you read the scroll labelled ZIOBRO ACEMN, it crumbles to dust.
It is a scroll of enchant weapon.
Your +0 war axe glows red for a moment.
* * * LOW HITPOINT WARNING * * *
You feel sick. You block the worker ant's attack.
The phantom hits you but does no damage.
You hit the worker ant.
The worker ant is heavily wounded.
The orc priest threatens, "By the altar or by the axe, you will meet Beogh!"
You slash the phantom! The worker ant bites you.
You die...

.................# #
.................#
#######'######+###
.......#.)..#....#
.B....#....#....#
.....#....#.o..#
#......#....#.ooB#
#......#...ooooWB#
#..##'###...####♣#
#..##)###..o#......#
#..........B#......+
#..........o#......#
#.....##....#......#
#....$##....#......#
......##....#......#
#...oB......#......#
#...........#


You could see a phantom, 2 worker ants, an orc priest and 6 orcs.

Vanquished Creatures
  3 wights (D:3)
  4 orc priests
  A gnoll shaman (D:4)
  Natasha (D:3)
  An orc wizard (D:3)
  A worker ant (D:4)
  4 gnolls (D:4)
  4 adders
  3 oozes
  A worm (D:3)
  3 dart slugs
  2 leopard geckos
  7 orcs
  6 bats
  2 giant cockroaches (D:2)
  12 goblins
  6 hobgoblins
  3 jackals (D:3)
  3 quokkas
  4 frilled lizards
  8 kobolds
  7 rats
86 creatures vanquished.

Notes
Turn   | Place    | Note
-------+----------+-------------------------------------------
     0 | D:1      | Garpagan the Hill Orc Fighter began the quest for the Orb.
     0 | D:1      | Reached XP level 1. HP: 19/19 MP: 1/1
   101 | D:1      | Reached XP level 2. HP: 27/27 MP: 2/2
   237 | D:1      | Reached skill level 3 in Axes
   432 | D:1      | Reached XP level 3. HP: 34/34 MP: 3/3
   859 | D:2      | Found an iron altar of Okawaru.
   886 | D:2      | Became a worshipper of Warmaster Okawaru
  1123 | D:2      | Reached skill level 4 in Axes
  1123 | D:2      | Reached XP level 4. HP: 38/41 MP: 4/4
  1221 | D:2      | Found a shadowy altar of Dithmenos.
  1261 | D:2      | Found an ancient bone altar of Kikubaaqudgha.
  1430 | D:3      | Reached skill level 5 in Axes
  1430 | D:3      | Reached XP level 5. HP: 10/47 MP: 5/5
  1947 | D:3      | Noticed Natasha
  1955 | D:3      | Reached * piety under Okawaru
  1956 | D:3      | Reached skill level 5 in Fighting
  1956 | D:3      | Killed Natasha
  1957 | D:3      | Reached skill level 6 in Axes
  1957 | D:3      | Reached XP level 6. HP: 40/56 MP: 6/6
  2687 | D:3      | Reached skill level 7 in Axes
  2887 | D:4      | Reached XP level 7. HP: 39/61 MP: 7/7
  3138 | D:4      | HP: 3/91 [worker ant (5)]
  3141 | D:4      | HP: 1/91 [poisoned by a worker ant]
  3143 | D:4      | Slain by a worker ant

Illustrated notes

Levels and vault maps discovered:
D:1:      minmay_arrival_five_plusses, layout_basic
D:2:      layout_rooms, nicolae_overflow_crystal_walls, kiku_gazebo_pond_becter,
          okawaru_ov_weapons_minmay
D:3:      layout_loops_corners, uniq_natasha
D:4:      layout_gridville, nicolae_tso_swordbearing_angel

Skill      XL: |  1  2  3  4  5  6 |
---------------+-------------------+-----
Fighting       | 4 5 |  5.4
Axes           | 3 4 5 6 7 |  7.4
Armour         | 4 |  4.3
Shields        | 4 |  4.2
Dodging        | |  0.4

Action                   |  1- 3 |  4- 6 |  7- 9 || total
-------------------------+-------+-------+-------++-------
Melee: War axe           |   117 |   131 |    23 ||   271
  Use: Potion            |       |       |     5 ||     5
       Scroll            |       |       |     3 ||     3
Armor: Scale mail        |    61 |       |       ||    61
       Chain mail        |    30 |    62 |    14 ||   106
       Skin              |       |       |     3 ||     3
Dodge: Dodged            |    46 |    18 |     8 ||    72
Block: Kite shield       |    88 |    57 |    24 ||   169

Table legend: (Time is in decaauts)
 A = Elapsed time spent in this place.
 B = Non-inter-level travel time spent in this place.
 C = Inter-level travel time spent in this place.
 D = Time resting spent in this place.
 E = Time spent auto-exploring this place.
 F = Levels seen in this place.
 G = Mean time per level.
                   A        B        C        D        E       F      G
               +--------+--------+--------+--------+--------+-----+--------+
         Total |   3271 |   3253 |     18 |    483 |   1343 |   4 |  817.8 |
       Dungeon |   3271 |   3253 |     18 |    483 |   1343 |   4 |  817.8 |
               +--------+--------+--------+--------+--------+-----+--------+

Top non-repeatable levels by time:
     D:3: 1556 daAuts
     D:1: 873 daAuts
     D:2: 534 daAuts
     D:4: 307 daAuts
